Map: Thunderbird LE

Players

soul - Winner!

  • Race: Terran Terran
  • League: Grandmaster
  • Spawn Location: 5:00

PtitDrogo

  • Race: Protoss Protoss
  • League: Master
  • Spawn Location: 11:00

Event: HomeStory Cup XIX

VOD

Have the link to the VOD?

Description

Time

  • Played on: June 28, 2019, 3:14 p.m.
  • Length: 8:39

All games in this series

Show
View Real Time Build Order
Export as new Build Order

soul Terran - Winner!

Build Orders: Gas First Reaper Expand 

Get SALT Encoding   

  12  0:00  SCV  
  13  0:12  SCV  
  14  0:17  Supply Depot  
  14  0:25  SCV  
  15  0:29  Refinery  
  15  0:39  SCV  
  16  0:44  Barracks  
  16  0:51  SCV  
  17  1:03  SCV  
  18  1:15  SCV  
  19  1:31  Orbital Command, Reaper  
  20  1:53  Command Center  
  20  1:57  SCV  
  21  2:03  Factory  
  21  2:07  Barracks Reactor  
  21  2:09  SCV  
  21  2:14  Supply Depot  
  22  2:19  Refinery  
  22  2:21  SCV  
  23  2:36  SCV  
  24  2:45  Marine x2  
  24  2:48  Widow Mine, SCV  
  24  2:49  Starport  
  28  3:00  SCV  
  28  3:03  Marine x2  
  30  3:12  SCV  
  30  3:20  Marine  
  30  3:22  Marine  
  30  3:23  Orbital Command, Widow Mine  
  30  3:24  SCV  
  35  3:27  Medivac  
  37  3:39  Marine  
  37  3:40  Marine, Supply Depot  
  39  3:41  SCV  
  40  3:48  SCV  
  40  3:49  Factory Tech Lab  
  40  3:53  SCV  
  42  3:57  Marine  
  42  3:58  Marine  
  42  4:00  SCV  
  45  4:06  SCV  
  45  4:09  Siege Tank  
  49  4:11  Starport Tech Lab  
  49  4:14  Supply Depot  
  49  4:15  Marine  
  49  4:16  Marine  
  51  4:19  Supply Depot  
  51  4:20  SCV x2  
  51  4:24  Bunker  
  53  4:30  Barracks  
  53  4:36  Raven, SCV  
  53  4:38  SCV  
  57  4:48  SCV  
  57  4:50  Barracks, Engineering Bay  
  57  4:51  Stimpack  
  58  4:54  SCV  
  58  4:56  Marine  
  60  5:03  Refinery, SCV  
  60  5:04  Supply Depot  
  61  5:09  SCV  
  61  5:10  Factory Tech Lab  
  61  5:14  Marine  
  63  5:15  SCV  
  63  5:16  Supply Depot  
  63  5:18  Terran Infantry Weapons Level 1  
  63  5:21  SCV  
  65  5:27  Marauder, SCV  
  65  5:28  Starport Reactor  
  68  5:33  SCV  
  68  5:34  Combat Shield  
  68  5:35  Marauder  
  71  5:43  Marine x2  
  71  5:47  Marine, Refinery, Supply Depot  
  74  5:51  Supply Depot  
  74  5:52  SCV x2  
  74  5:56  Marauder  
  78  6:01  Marine  
  79  6:04  SCV x2  
  79  6:06  Medivac  
  79  6:07  Medivac  
  79  6:08  Marine  
  79  6:09  Marauder  
  79  6:10  Supply Depot  
  88  6:16  SCV  
  88  6:18  Marauder, SCV  
  91  6:19  Marine  
  91  6:24  Supply Depot  
  93  6:26  Marine  
  93  6:30  Marauder  
  96  6:37  Marine  
  96  6:39  SCV x2, Command Center  
  99  6:40  Marauder  
  99  6:43  Marine  
  102  6:51  SCV x2  
  102  6:52  Factory Reactor, Concussive Shells, Marine, Supply Depot  
  105  6:54  Supply Depot  
  105  6:55  Medivac  
  106  7:01  Marauder  
  106  7:03  Marine  
  106  7:05  Marine  
  106  7:06  SCV  
  111  7:09  SCV  
  111  7:11  Marauder  
  114  7:22  SCV  
  115  7:23  Marauder  
  115  7:24  Marine  
  115  7:26  Marine  
  119  7:32  Marauder  
  118  7:41  Marine, SCV  
  111  7:44  Marauder, Marine  
  111  7:50  SCV  
  112  7:54  Marauder  
  112  7:55  SCV  
  112  7:59  Marine  
  112  8:02  Marine, SCV  
  112  8:03  SCV  
  112  8:04  Barracks  
  117  8:06  Barracks, Marauder  
  117  8:08  SCV  
  107  8:15  Marauder  
  107  8:17  Marine  
  108  8:20  Marine  
Show
View Real Time Build Order
Export as new Build Order

PtitDrogo Protoss 

Build Orders: 1 Gate Expand, Colossus Rush 

Get SALT Encoding   

  12  0:00  Probe  
  13  0:12  Probe  
  14  0:17  Pylon  
  14  0:24  Probe  
  15  0:32  Probe  
  15  0:35  Gateway  
  15  0:41  Probe  
  16  0:46  Assimilator  
  17  0:51  Probe  
  18  1:03  Probe  
  19  1:15  Probe  
  20  1:22  Cybernetics Core  
  20  1:31  Nexus  
  20  1:39  Pylon  
  20  1:40  Probe  
  21  1:48  Stalker, Assimilator  
  21  1:53  Probe  
  24  2:05  Probe  
  25  2:11  Stalker  
  25  2:12  Warp Gate  
  25  2:17  Probe  
  29  2:30  Probe  
  29  2:41  Stalker, Probe  
  29  2:42  Probe  
  33  2:49  Probe  
  33  2:54  Probe, Robotics Facility  
  33  2:57  Probe  
  36  3:07  Probe  
  36  3:09  Probe  
  38  3:19  Probe  
  39  3:20  Probe  
  39  3:25  Gateway x2  
  38  3:28  Probe  
  38  3:29  Pylon  
  38  3:31  Probe  
  38  3:32  Sentry  
  42  3:36  Probe  
  42  3:37  Observer  
  44  3:43  Probe  
  44  3:44  Assimilator  
  44  3:46  Assimilator  
  44  3:47  Pylon  
  44  3:48  Probe  
  46  3:53  Observer  
  46  3:55  Probe  
  47  4:00  Probe  
  49  4:05  Pylon  
  49  4:07  Probe  
  50  4:10  Nexus  
  50  4:12  Stalker, Probe  
  50  4:15  Observer  
  54  4:20  Stalker  
  54  4:22  Stalker  
  58  4:24  Probe  
  58  4:26  Probe  
  58  4:28  Observer  
  60  4:38  Probe x2  
  62  4:45  Robotics Bay  
  62  4:50  Probe  
  62  4:51  Probe  
  64  5:02  Probe  
  64  5:03  Probe, Twilight Council, Forge  
  66  5:10  Pylon  
  66  5:14  Probe  
  66  5:15  Probe  
  68  5:24  Colossus  
  68  5:26  Probe x3  
  71  5:33  Blink  
  71  5:34  Probe x2  
  77  5:36  Protoss Ground Weapons Level 1  
  77  5:37  Extended Thermal Lance  
  77  5:38  Probe  
  77  5:42  Probe x2  
  78  5:46  Pylon  
  80  5:50  Pylon  
  80  5:51  Probe  
  80  5:53  Probe x2  
  80  5:56  Gateway x2  
  83  5:57  Gateway  
  83  6:00  Stalker  
  83  6:03  Probe  
  86  6:04  Stalker  
  86  6:05  Probe  
  86  6:06  Probe  
  86  6:10  Colossus  
  90  6:11  Photon Cannon  
  90  6:14  Observer  
  90  6:15  Assimilator, Probe  
  90  6:17  Probe  
  92  6:18  Assimilator  
  98  6:26  Templar Archives  
  98  6:27  Gateway  
  98  6:29  Gateway  
  98  6:31  Photon Cannon  
  98  6:45  Pylon  
  98  6:47  Pylon  
  98  6:52  Pylon  
  98  6:53  Shield Battery, Pylon  
  98  6:54  Sentry  
  98  6:55  Shield Battery, Pylon  
  98  6:56  Sentry  
  98  6:57  Zealot x3  
  108  7:03  Colossus, High Templar  
  116  7:17  Zealot  
  116  7:18  Zealot x3  
  122  7:23  Stalker x3  
  102  7:38  Zealot x5  
  96  7:46  Stalker x3  
  79  7:59  Stalker x5  
  88  8:12  Stalker x3  
  75  8:23  Zealot x4  
  81  8:27  Zealot  
Tags
 
Add a new tag
Caveats
  • Supply blocks, unpowered buildings, or Contaminate may cause inaccurate times.
  • Supply counts are checked every 10 seconds.